 Dungeon Crawl Stone Soup version 0.30.1-11-g7821555f0a (webtiles) character file.

Game seed: 13319114260399271560

3 RancidPinata the Sneak (level 1, -5/16 HPs)
             Began as an Octopode Delver on Dec 23, 2023.
             Slain by Sigmund
             ... wielding a +0 scythe
              (9 damage)
             ... on level 6 of the Dungeon.
             The game lasted 00:00:39 (60 turns).

RancidPinata the Sneak (Octopode Delver)              Turns: 60, Time: 00:00:39

Health: -5/16      AC:  1    Str: 11    XL:     1   Next: 50%
Magic:  1/1        EV: 13    Int: 12    God:
Gold:   0          SH:  0    Dex: 13    Spells: 0/0 levels left

rFire   . . .        a - +0 short sword
rCold   . . .        (no shield)
rNeg    . . .        (helmet restricted)
rPois   .            (no amulet)
rElec   .            (no ring)
rCorr   .            (no ring)
SInv    .            (no ring)
Will    .....        (no ring)
Stlth   ++++         (no ring)
HPRegen 0.22/turn    (no ring)
MPRegen 0.07/turn    (no ring)
                     (no ring)

%: no passive effects
@: no status effects
A: almost no armour, amphibious, 8 rings, camouflage 1, gelatinous body 1,
(nimble swimmer 1), tentacles
a: no special abilities


You were on level 6 of the Dungeon.
You visited 1 branch of the dungeon, and saw 2 of its levels.

Inventory:

Hand Weapons
 a - a +0 short sword (weapon)
Wands
 f - a wand of digging (3)
Scrolls
 b - a scroll of fog
 c - a scroll of magic mapping
 d - a scroll of fear
Potions
 e - a potion of haste
 g - a potion of heal wounds {unknown}


   Skills:
 + Level 3.0 Fighting
 * Level 2.1 Short Blades
 + Level 2.0 Dodging
 * Level 6.6 Stealth


You couldn't memorise any spells.
You didn't know any spells.
Your spell library was empty.

Dungeon Overview and Level Annotations

Branches:
Dungeon (6/15)
 Temple: D:4-7

Altars:

Annotations:
D:6 Sigmund


Innate Abilities, Weirdness & Mutations

You cannot wear most types of armour.
You are amphibious.
You can wear up to eight rings at the same time.
Your skin changes colour to match your surroundings (Stealth+).
Your rubbery body absorbs attacks. (AC +1, EV +1)
((You are camouflaged when in or above water. (Stealth+)))
You have tentacles for arms and can constrict up to eight enemies at once.


Message History

Found a stone staircase leading down.
Found a stone staircase leading down.
There is a stone staircase leading down here.
You climb downwards.
The orc shouts!
The adder hisses angrily.
Found a scroll of magic mapping.
Found a stone staircase leading up.
There is a stone staircase leading up here.
You climb upwards.
There is a stone staircase leading down here.
Found a lumpy amethyst potion.
A worm comes into view.
Found a stone staircase leading up.
You see here a lumpy amethyst potion.
The helpless worm fails to defend itself.
You impale the worm!!
You kill the worm!
g - a lumpy amethyst potion
There is a stone staircase leading up here.
There is a stone staircase leading down here.
You climb downwards.
There is a stone staircase leading up here.
A kobold comes into view. It is wielding a +0 short sword.
Found a pair of embroidered boots.
Sigmund shouts!
You hear a shout!
The kobold shouts!
You hear a shout!
Sigmund gestures at you while chanting.
You are confused.
A kobold comes into view. It is wielding a +0 club.
You bump into the rock wall.
Sigmund hits you from afar with a +0 scythe.
Sigmund points at you and mumbles some strange words.
The magic dart hits you!
Ouch! That really hurt!
* * * LOW HITPOINT WARNING * * *
There is a stone staircase leading up here.
In your confused state, you trip and fall back down the stairs.
* * * LOW HITPOINT WARNING * * *
You feel less confused.
Sigmund hits you from afar with a +0 scythe!
Ouch! That really hurt!
You die...

..# ... . ..#
...# . ..# #. ..#
##.##### ..#
##...[..##..####
......#.. .....
........##..#####
.....K.@.@.......
.......##########
##...## #.. ##


You could see Sigmund and a kobold.

Vanquished Creatures
  A worm (D:5)
1 creature vanquished.

Notes
Turn   | Place    | Note
-------+----------+-------------------------------------------
     0 | D:5      | RancidPinata the Octopode Delver began the quest for the
                  | Orb.
     0 | D:5      | Reached XP level 1. HP: 16/16 MP: 1/1
    53 | D:6      | Noticed Sigmund
    60 | D:6      | Slain by Sigmund

Illustrated notes

Levels and vault maps discovered:
D:5:      layout_loops_corners, led_sif_book, moated_statue, uniq_eustachio
D:6:      layout_loops_ring, grunt_temple_overflow_open, uniq_grinder,
          uniq_crazy_yiuf_cottage, uniq_sigmund

Action                     || total
---------------------------++-------
  Melee: Short sword       ||     1
   Stab: Sleeping          ||     1
